 Dungeon Crawl Stone Soup version 0.30-a0-169-g06f667207d (webtiles) character file.

Game seed: 12472842512552645544

28 qw the Shield-Bearer (level 3, 0/23 HPs)
             Began as a Gargoyle Fighter on Sept 29, 2022.
             Slain by a crimson imp (2 damage)
             ... summoned by Natasha
             ... on level 2 of the Dungeon.
             The game lasted 00:00:22 (863 turns).

qw the Shield-Bearer (Gargoyle Fighter)              Turns: 863, Time: 00:00:23

Health: 0/23       AC: 10    Str: 21    XL:     3   Next: 14%
Magic:  3/3        EV:  9    Int:  8    God:
Gold:   116        SH:  4    Dex:  9    Spells: 2/2 levels left

rFire   . . .      SeeInvis .    Y - +0 war axe
rCold   . . .      Faith    .    c - +0 buckler
rNeg    + . .      Spirit   .    b - +0 scale mail
rPois   inf        Reflect  .    (no helmet)
rElec   +          Harm     .    (no cloak)
rCorr   .          Rampage  .    (no gloves)
Will    .....                    (no boots)
Stlth   ..........               (no amulet)
HPRegen 0.07/turn                (no ring)
MPRegen 0.08/turn                (no ring)

@: no status effects
A: sickness immunity, AC +3, negative energy resistance 1, electricity
resistance, torment resistance 1, petrification resistance
a: no special abilities


You were on level 2 of the Dungeon.
You visited 1 branch of the dungeon, and saw 2 of its levels.

You collected 116 gold pieces.


Innate Abilities, Weirdness & Mutations

You are immune to sickness and miasma.
Your stone body is resilient. (AC +3)
You are immune to poison.
You resist negative energy. (rN+)
You are resistant to electric shocks. (rElec)
You are resistant to unholy torment.
You are immune to petrification.


   Skills:
 - Level 3.2 Fighting
 + Level 3.2 Axes
 - Level 3.2 Armour
 - Level 3.2 Shields


You had 2 spell levels left.
You didn't know any spells.
Your spell library was empty.

Inventory:

Hand Weapons
 h - a +0 club
 Y - a +0 war axe (weapon)
Armour
 b - a +0 scale mail (worn)
 c - a +0 buckler (worn)
Scrolls
 a - 4 scrolls of identify
 i - a scroll of enchant armour {unknown}
Potions
 d - a potion of might
 e - 2 potions of mutation {unknown}
 f - 3 potions of attraction
 g - a potion of curing

Dungeon Overview and Level Annotations

Branches:
Dungeon (2/15)

Altars:

Annotations:
D:2 Natasha


Message History

You barely miss Natasha. You closely miss the crimson imp.
Natasha claws you but does no damage. The crimson imp closely misses you.
Natasha barely misses you.
You hit Natasha.
Natasha is moderately wounded.
You closely miss the crimson imp. You block the crimson imp's attack.
Natasha closely misses you.
You barely miss Natasha.
Natasha is moderately wounded.
You barely miss the crimson imp. The crimson imp hits you. Natasha claws you.
The crimson imp barely misses you. Natasha claws you.
You hit Natasha but do no damage.
Natasha is moderately wounded.
You closely miss the crimson imp.
The crimson imp hits you but does no damage.
Natasha completely misses you.
You closely miss Natasha.
Natasha is moderately wounded.
You barely miss the crimson imp.
The crimson imp hits you but does no damage.
Natasha growls.
Natasha claws you. The crimson imp barely misses you.
You barely miss Natasha.
Natasha is moderately wounded.
You miss the crimson imp. Natasha claws you.
The crimson imp hits you but does no damage.
Natasha claws you.
You closely miss Natasha.
Natasha is moderately wounded.
You closely miss the crimson imp. The crimson imp completely misses you.
You block Natasha's attack. You block the crimson imp's attack.
You barely miss Natasha.
Natasha is moderately wounded.
You hit the crimson imp but do no damage.
Natasha mumbles some strange words.
The crimson imp hits you.
You die...

##.....#########...#####
##.........# ##.##
#..######.# #.# .. #..#
#.# #. #..#### ##'## #.
#.....# # ##...## #.
#.###.# .###.....## #.
#.##.)###.##5......## #.
####......[..#.h@......#
#.
.............'.5.......+
#<
####.##....###.........#
#. ##.#...## ##.......##
#. #...## ##.....## ##.
##.## ##...## #.. #)#
##+## #.# #.# #.# #..
#.# #.# #.#


You could see Natasha and 2 crimson imps.

Vanquished Creatures
  5 endoplasms
  A giant cockroach (D:1)
  4 goblins
  2 hobgoblins
  4 kobolds
  3 quokkas (D:1)
  3 bats (D:1)
22 creatures vanquished.

Notes
Turn   | Place    | Note
-------+----------+-------------------------------------------
     0 | D:1      | qw the Gargoyle Fighter began the quest for the Orb.
     0 | D:1      | Reached XP level 1. HP: 14/14 MP: 1/1
     0 | D:1      | 0 ||| qw: Version: 0.2-a-12-gaebbb33
     0 | D:1      | 0 ||| qw: Game counter: 1295
     0 | D:1      | 0 ||| qw: Always use a shield: true
     0 | D:1      | 0 ||| qw: God list: Okawaru
     0 | D:1      | 0 ||| qw: Allow faded altars: false
     0 | D:1      | 0 ||| qw: Do Orc after D:15 true
     0 | D:1      | 0 ||| qw: Do second Lair branch before Depths: true
     0 | D:1      | 0 ||| qw: Lair rune preference: random
     0 | D:1      | 0 ||| qw: Plans: Normal, Zot:1-4, God:TSO, Crypt, Tomb,
                  | Pan, Slime:5, Hells, Abyss, Orb
     0 | D:1      | 0 ||| PLANNING D:1-11
    86 | D:1      | Reached XP level 2. HP: 17/19 MP: 2/2
   399 | D:1      | Reached skill level 3 in Axes
   606 | D:1      | Reached XP level 3. HP: 23/23 MP: 3/3
   613 | D:1      | 613 ||| READING 4 scrolls labelled COM GULULA.
   614 | D:1      | 614 ||| READING scroll labelled SOPIV PUSIYZ.
   615 | D:1      | 615 ||| DRINKING 2 pink potions.
   616 | D:1      | 616 ||| READING 3 scrolls of identify.
   616 | D:1      | 616 ||| IDENTIFYING silvery potion
   617 | D:1      | 617 ||| READING 2 scrolls of identify.
   617 | D:1      | 617 ||| IDENTIFYING emerald potion
   618 | D:1      | 618 ||| DROPPING potion of degeneration.
   753 | D:2      | Noticed Natasha
   754 | D:2      | 754 ||| FLEEEEING.
   861 | D:2      | HP: 2/23 [Natasha (5)]
   863 | D:2      | Slain by a crimson imp

Levels and vault maps discovered:
D:1:      saegor_arrival_miasma, layout_rooms
D:2:      layout_loops_corners, minmay_pentomino_t4, uniq_natasha, uniq_sigmund,
          uniq_jessica

Skill      XL: |  1  2 |
---------------+-------+-----
Axes           | 2 3 |  3.2
Fighting       | |  3.2
Armour         | |  3.2
Shields        | |  3.2

Action                   || total
-------------------------++-------
Melee: War axe           ||    58
  Use: Scroll            ||     4
       Potion            ||     1
Armor: Scale mail        ||    26
Dodge: Dodged            ||    28
Block: Buckler           ||     9

Table legend:
 A = Non-vault XP
 B = Vault XP
 C = Vault XP percentage of total XP
 D = Non-vault monster count
 E = Vault monster count
 F = Vault count percentage of total count
                 A         B        C        D         E       F
            +---------+---------+-------+---------+---------+-------
      Total |      41 |       0 |   0.0 |      22 |       0 |   0.0
            +---------+---------+-------+---------+---------+-------
        D:1 |      34 |       0 |   0.0 |      18 |       0 |   0.0
        D:2 |       7 |       0 |   0.0 |       4 |       0 |   0.0
            +---------+---------+-------+---------+---------+-------
